 Dungeon Crawl Stone Soup version 0.32-a0-30-gefbe487952 (webtiles) character file.

Game seed: 295930277069162151

20088 somerandomcrawler the Carver (level 12, -7/92 HPs)
             Began as a Demonspawn Gladiator on Jan 19, 2024.
             Was a Priest of Makhleb.
             Mangled by a komodo dragon (12 damage)
             ... on level 3 of the Lair of Beasts.
             The game lasted 01:16:47 (14792 turns).

somerandomcrawler the Carver (DsGl)                Turns: 14792, Time: 01:16:47

Health: -7/92      AC: 16    Str: 19    XL:     12   Next: 42%
Magic:  0/18       EV: 10    Int:  7    God:    Makhleb [***...]
Gold:   777        SH:  0    Dex: 25    Spells: 11/11 levels left

rFire   . . .        p - +0 scimitar
rCold   + . .        (no shield)
rNeg    . . .        i - +0 chain mail {rC+}
rPois   .            (helmet restricted)
rElec   .            (cloak unavailable)
rCorr   .            r - +2 pair of gloves
SInv    .            m - +1 pair of boots
Will    +....        f - amulet of guardian spirit Stlth
                     u - +6 ring of strength
HPRegen 0.35/turn    z - ring of willpower
MPRegen 0.16/turn

%: guardian spirit
@: no status effects
A: horns 2, demonic guardian 2, demonic magic 1, weakness stinger 3, agile 1,
noise suppression
a: Renounce Religion, Minor Destruction, Lesser Servant of Makhleb


You were on level 3 of the Lair of Beasts.
You worshipped Makhleb.
Makhleb was most pleased with you.
You visited 3 branches of the dungeon, and saw 15 of its levels.
You also visited: Sewer.

You collected 777 gold pieces.

Inventory:

Hand Weapons
 a - a +1 long sword
 p - a +0 scimitar (weapon)
Missiles
 l - 34 poisoned darts (quivered)
 A - 2 curare-tipped darts
Armour
 b - a +0 leather armour
 c - a +0 helmet
 i - a +0 chain mail of cold resistance (worn)
 j - a +0 ring mail
 k - a +0 plate armour
 m - a +1 pair of boots (worn)
 r - a +2 pair of gloves (worn)
 G - a +1 plate armour of fire resistance
Jewellery
 f - an amulet of guardian spirit (around neck)
 u - a +6 ring of strength (left hand)
 z - a ring of willpower (right hand)
 B - a ring of flight
 E - an amulet of magic regeneration
Wands
 e - a wand of paralysis (1)
 q - a wand of flame (27)
 s - a wand of light (1)
 v - a wand of roots (7)
Scrolls
 d - a scroll of immolation
 h - 3 scrolls of amnesia
 t - 2 scrolls of vulnerability
 x - a scroll of enchant weapon
 y - 2 scrolls of noise
 D - 2 scrolls of enchant armour
 F - 2 scrolls of teleportation
 H - a scroll of revelation
Potions
 g - a potion of ambrosia
 o - 2 potions of mutation
 w - a potion of cancellation {unknown}
 C - a potion of curing


   Skills:
 * Level 7.8 Fighting
 - Level 14.0 Long Blades
 - Level 2.0 Throwing
 * Level 8.7 Armour
 - Level 2.8 Dodging
 + Level 9.1 Invocations
 + Level 3.5 Evocations


You had 11 spell levels left.
You didn't know any spells.
Your spell library contained the following spells:

 Spells                   Type           Power      Damage    Failure   Level
 Call Imp                 Summ           0%         N/A       99%         2
 Sublimation of Blood     Necr           0%         N/A       99%         2
 Volatile Blastmotes      Fire/Tloc      0%         2d10      100%        3
 Fulminant Prism          Conj/Alch      0%         3d5       100%        4
 Iskenderun's Mystic Bla  Conj/Tloc      0%         2d3       100%        4
 Manifold Assault         Tloc           0%         N/A       100%        4
 Vhi's Electric Charge    Tloc/Air       0%         N/A       100%        4
 Arcjolt                  Conj/Air       0%         1d10      100%        5
 Dispersal                Tloc           0%         N/A       100%        6
 Summon Hydra             Summ           0%         N/A       100%        7
 Disjunction              Tloc           0%         N/A       100%        8
 Maxwell's Capacitive Co  Air            0%         ∞         100%        8


Dungeon Overview and Level Annotations

Branches:
Dungeon (11/15)            Temple (1/1) D:5            Lair (3/5) D:11
    Orc (0/2) D:9           Sewer (visited)
  Swamp: Lair:2-3    Shoals: Lair:2-3     Snake: Lair:2-3    Spider: Lair:2-3

Altars:
Ashenzari
Cheibriados
Dithmenos
Fedhas
Gozag
Hepliaklqana
Kikubaaqudgha
Makhleb
Nemelex Xobeh
Okawaru
Qazlal
Ru
Sif Muna
Trog
Uskayaw
Vehumet
Wu Jian
Xom
Yredelemnul

Shops:
D:3 (

Portals:
Ice
Cave: Lair:3

Annotations:
D:2 Sigmund
D:8 Erica, Maurice
Lair:1 exclusion: downstairs


Innate Abilities, Weirdness & Mutations

You have a pair of horns on your head.
A demonic guardian rushes to your aid.
Spells you cast may paralyse adjacent enemies.
You have a sharp stinger which inflicts weakening toxins.
You are agile. (Dex +4, Str/Int -1)
You passively dampen the noise of your surroundings.


Message History

The six-headed hydra bites you but does no damage.
The six-headed hydra bites you!
* * * LOW HITPOINT WARNING * * *
Okay, then.
The six-headed hydra attacks as it pursues you!
The six-headed hydra bites you but does no damage. x2
The six-headed hydra bites you!
* * * LOW HITPOINT WARNING * * *
A demonic guardian appears!
The six-headed hydra bites you but does no damage. x2
The six-headed hydra bites you.
* * * LOW HITPOINT WARNING * * *
Your surroundings suddenly seem different.
An electric eel, a black mamba and a komodo dragon come into view.
Found 7 stones, a scroll of identify and 8 gold pieces.
Found a stone staircase leading up and a stone staircase leading down.
The black mamba hisses angrily.
The electric eel shoots out a bolt of lightning at you!
The bolt of electricity hits you.
* * * LOW HITPOINT WARNING * * *
The black mamba moves out of view.
Found 4 poisoned darts.
A demon appears!
The black mamba bites you.
* * * LOW HITPOINT WARNING * * *
A demonic guardian appears!
A harpoon shot appears from out of your range of vision.
The harpoon shot hits your neqoxec!
A swamp worm and a yak come into view.
The yak bellows!
The black mamba completely misses you.
Your hellwing hits the black mamba. x2
The black mamba barely misses you.
A yak comes into view.
Your hellwing swoops through the air toward the black mamba!
Your hellwing barely misses the black mamba.
Your hellwing closely misses the black mamba.
Okay, then.
The yak bellows!
You hear a bellow!
The komodo dragon attacks as it pursues you!
The komodo dragon bites you!
You die...

..........
..........
#.........
#.........
.#####.........
Y..#.#.........
♣ ♣Y...$.....#
S~♣♣♣...@...###
...w.⌠.4Sl...P#
♣...⌠.3.....##
~♣♣♣.......##
♣.........#
.......#..(..?..
................
.......#...P....
...P...(.#....>.


You could see a komodo dragon, a black mamba (ally target), 2 yaks, a swamp
worm, a friendly hellwing (summoned) and a friendly neqoxec (summoned).

Vanquished Creatures
  3 black mambas (Lair:1)
  7 elephants
  A torpor snail (Lair:1)
  5 cane toads
  3 rime drakes (Lair:3)
  3 komodo dragons
  A polar bear (Lair:2)
  A hornet (D:11)
  2 shadows
  6 wyverns
  2 wraiths
  A vampire (D:11)
  2 basilisks (D:11)
  16 yaks
  5 steam dragons
  4 nagas
  7 water moccasins
  6 orc warriors
  2 sky beasts
  3 black bears
  An ogre (D:6)
  A centaur (D:10)
  A phantom (D:7)
  4 kobold brigands
  11 bullfrogs
  3 scorpions (D:5)
  3 howler monkeys
  3 bombardier beetles
  5 orc priests
  A gnoll bouda (D:7)
  A hound (D:6)
  3 iguanas
  8 orc wizards
  Natasha (thrice) (D:3)
  5 gnolls
  12 adders
  A shadow imp (D:6)
  2 white imps
  2 dart slugs
  A ribbon worm (D:2)
  39 orcs
  6 endoplasms
  6 giant cockroaches
  5 hobgoblins
  9 jackals
  3 quokkas
  6 ball pythons
  8 bats
  2 frilled lizards
  8 goblins
  34 kobolds
  5 rats
282 creatures vanquished.

Vanquished Creatures (collateral kills)
  A two-headed ogre (D:9)
  3 elephants (Lair:1)
  11 yaks
  A wyvern (D:10)
  A warg (D:9)
  A water moccasin (Lair:1)
  A kobold brigand (D:11)
  2 orcs
21 creatures vanquished.

Vanquished Creatures (others)
  An orc (D:9)
1 creature vanquished.

Grand Total: 304 creatures vanquished

Notes
Turn   | Place    | Note
-------+----------+-------------------------------------------
     0 | D:1      | somerandomcrawler the Demonspawn Gladiator began the quest
                  | for the Orb.
     0 | D:1      | Reached XP level 1. HP: 16/16 MP: 1/1
   260 | D:1      | Found a faded altar of an unknown god.
   320 | D:1      | Gained mutation: Spells you cast may paralyse adjacent
                  | enemies. [demonic ancestry]
   320 | D:1      | Reached XP level 2. HP: 16/22 MP: 2/2
   376 | D:1      | Reached skill level 3 in Long Blades
   596 | D:1      | You fall into a shaft and drop 1 floor!
   711 | D:2      | Discovered your monstrous ancestry.
   711 | D:2      | Gained mutation: You have a pair of small horns on your
                  | head. [demonic ancestry]
   711 | D:2      | Reached XP level 3. HP: 27/27 MP: 3/3
  1138 | D:2      | Reached skill level 4 in Long Blades
  1252 | D:2      | Noticed Sigmund
  1274 | D:1      | Reached XP level 4. HP: 30/33 MP: 4/4
  1475 | D:3      | Noticed Natasha
  1484 | D:3      | Killed Natasha
  1485 | D:3      | Reached skill level 5 in Long Blades
  1485 | D:3      | Reached XP level 5. HP: 31/38 MP: 5/5
  1510 | D:3      | Found Qusmoes's Weapon Shop.
  1978 | D:3      | Noticed Natasha
  1994 | D:3      | Killed Natasha
  2162 | D:3      | Noticed Natasha
  2185 | D:3      | Killed Natasha
  2611 | D:5      | Entered Level 5 of the Dungeon
  2643 | D:5      | Found a staircase to the Ecumenical Temple.
  2652 | Temple   | Entered the Ecumenical Temple
  2700 | D:5      | Found a glowing drain.
  2714 | Sewer    | Entered a sewer
  2757 | Sewer    | Gained mutation: You passively dampen the noise of your
                  | surroundings. [potion of mutation]
  2757 | Sewer    | Gained mutation: You are agile. (Dex +4, Str/Int -1)
                  | [potion of mutation]
  2772 | Sewer    | Reached skill level 6 in Long Blades
  2772 | Sewer    | Gained mutation: You have a pair of horns on your head.
                  | [demonic ancestry]
  2772 | Sewer    | Reached XP level 6. HP: 2/44 MP: 6/6
  3702 | D:4      | Reached skill level 7 in Long Blades
  3763 | D:4      | Found an ornate altar of the Wu Jian Council.
  3803 | D:4      | Gained mutation: A weak demonic guardian rushes to your
                  | aid. [demonic ancestry]
  3803 | D:4      | Reached XP level 7. HP: 50/50 MP: 7/7
  4293 | D:5      | Found a burning altar of Makhleb.
  4298 | D:5      | Became a worshipper of Makhleb the Destroyer
  4558 | D:5      | Reached skill level 8 in Long Blades
  5341 | D:6      | Gained mutation: You have a small tail. [demonic ancestry]
  5341 | D:6      | Reached XP level 8. HP: 52/56 MP: 8/8
  5438 | D:6      | Reached skill level 9 in Long Blades
  5609 | D:6      | Found a radiant altar of Vehumet.
  6033 | D:7      | Reached skill level 10 in Long Blades
  6033 | D:7      | Found an iron altar of Okawaru.
  6056 | D:7      | Found an ancient bone altar of Kikubaaqudgha.
  6130 | D:6      | Reached * piety under Makhleb
  6266 | D:7      | Found a snail-covered altar of Cheibriados.
  6359 | D:7      | Reached skill level 1 in Armour
  6645 | D:8      | Reached XP level 9. HP: 57/64 MP: 9/9
  7093 | D:8      | Noticed Maurice
  7120 | D:7      | Found a shimmering blue altar of Sif Muna.
  7120 | D:7      | Found a basalt altar of Yredelemnul.
  7137 | D:8      | Something stole a ring of magical power
  7138 | D:8      | Something stole an orb of wrath
  7156 | D:8      | Something stole 5 javelins
  7552 | D:8      | Reached skill level 11 in Long Blades
  7563 | D:8      | Noticed Erica
  7717 | D:10     | Entered Level 10 of the Dungeon
  8134 | D:9      | Reached ** piety under Makhleb
  8263 | D:9      | Found a staircase to the Orcish Mines.
  8266 | D:9      | Noticed a two-headed ogre
  8440 | D:9      | Noticed a two-headed ogre
  8462 | D:9      | Killed a two-headed ogre
  8463 | D:9      | Reached skill level 5 in Fighting
  8463 | D:9      | Gained mutation: A demonic guardian rushes to your aid.
                  | [demonic ancestry]
  8463 | D:9      | Reached XP level 10. HP: 47/74 MP: 7/10
  8630 | D:9      | Reached skill level 1 in Invocations
  8846 | D:9      | Reached skill level 12 in Long Blades
  9831 | D:10     | Reached skill level 5 in Armour
 10441 | D:11     | Found a staircase to the Lair.
 10531 | D:11     | Reached skill level 5 in Invocations
 10688 | Lair:1   | Entered Level 1 of the Lair of Beasts
 10785 | Lair:1   | Reached skill level 13 in Long Blades
 10866 | Lair:1   | Noticed a torpor snail
 10867 | Lair:1   | Noticed a black mamba
 11030 | Lair:1   | Killed a black mamba
 11288 | Lair:1   | Gained mutation: You have a tail ending in a sharp stinger.
                  | [demonic ancestry]
 11288 | Lair:1   | Reached XP level 11. HP: 75/80 MP: 13/15
 11303 | Lair:1   | Reached *** piety under Makhleb
 11988 | Lair:1   | Reached skill level 14 in Long Blades
 12111 | Lair:1   | Reached skill level 1 in Evocations
 12635 | Lair:2   | Noticed an eight-headed hydra
 12646 | Lair:1   | Gained mutation: You have a sharp stinger which inflicts
                  | weakening toxins. [demonic ancestry]
 12646 | Lair:1   | Reached XP level 12. HP: 77/89 MP: 15/18
 14546 | Lair:3   | Noticed a six-headed hydra
 14704 | Lair:3   | Found a frozen archway.
 14789 | Lair:3   | HP: 4/92 [black mamba (2)]
 14792 | Lair:3   | Mangled by a komodo dragon

Illustrated notes

Levels and vault maps discovered:
D:1:      heliophobic_arrival_battle_scene, layout_basic,
          shapermc_ecumenical_altar_mp_ritualfount
D:2:      layout_rooms, item_on_display_a, uniq_sigmund
D:3:      layout_basic, serial_shops, nicolae_shop_window_shopping,
          chequers_mini_garden, uniq_natasha
D:4:      layout_loops_ring, nicolae_wu_jian_wuxing_cycle
D:5:      layout_loops_corners, lightli_temple_of_fire,
          minmay_temple_entry_antechambers, cheibrodos_sewer_entry_drain
D:6:      layout_cave_pools, nicolae_vehumet_altar_sigil
D:7:      layout_rooms, chei_slow_surprise, nicolae_overflow_hidden_temple
D:8:      layout_loops_corners, uniq_erica, uniq_maurice
D:9:      layout_stronghold, david_orc_3
D:10:     layout_loops_cross
D:11:     regret_index_early_branch_jog, layout_stronghold,
          minmay_lair_entry_grove, small_chamber_with_monster
Temple:   compressed_dpeg_triangle_lava_temple
Lair:1:   layout_small_grid, st_stairs_10, gammafunk_lair_bear_cave
Lair:2:   layout_cave_pods, minmay_snake_entry_guardpost_medium,
          gammafunk_ghost_arena, grunt_megastairs_4
Lair:3:   layout_chaotic_city, nicolae_swamp_entry_splash_gauntlet,
          portal_ice_cave_rime, hangedman_tree_tricks, minivault_26,
          chequers_serial_rivers_micro_a

Skill      XL: |  1  2  3  4  5  6  7  8  9 10 11 12 |
---------------+-------------------------------------+-----
Throwing       | 2 |  2.0
Long Blades    | 3 4 5 6 7 8 10 11 13 14 | 14.0
Armour         | 2 4 5 7 8 |  8.7
Fighting       | 3 5 6 7 |  7.8
Invocations    | 5 8 9 |  9.1
Evocations     | 2 3 |  3.5
Dodging        | |  2.8

Action                     |  1- 3 |  4- 6 |  7- 9 | 10-12 || total
---------------------------+-------+-------+-------+-------++-------
  Melee: Long sword        |   127 |   203 |   269 |    25 ||   624
         Punch             |     2 |     1 |       |     2 ||     5
         Headbutt          |     2 |    26 |    64 |   106 ||   198
         Tailslap          |       |       |    29 |    78 ||   107
         Scimitar          |       |       |       |   409 ||   409
  Throw: Throwing net      |     7 |       |       |       ||     7
         Dart              |       |     4 |    28 |    18 ||    50
 Invoke: Minor Destruction |       |       |       |    32 ||    32
         Lesser Servant of |       |       |       |     6 ||     6
  Evoke: Wand              |       |       |     8 |    27 ||    35
    Use: Potion            |       |     7 |     1 |     2 ||    10
         Scroll            |       |     7 |     9 |     3 ||    19
   Stab: Held in net/web   |     2 |       |       |       ||     2
         Invisible         |       |       |     1 |     1 ||     2
         Sleeping          |       |       |     1 |       ||     1
         Paralysed         |       |       |       |     6 ||     6
 Armour: Leather armour    |    40 |       |       |       ||    40
         Ring mail         |    42 |   121 |   183 |     3 ||   349
         Skin              |       |    35 |       |       ||    35
         Chain mail        |       |       |       |   363 ||   363
  Dodge: Dodged            |    96 |   126 |   137 |   176 ||   535

Table legend: (Time is in decaauts)
 A = Elapsed time spent in this place.
 B = Non-inter-level travel time spent in this place.
 C = Inter-level travel time spent in this place.
 D = Time resting spent in this place.
 E = Time spent auto-exploring this place.
 F = Levels seen in this place.
 G = Mean time per level.
                   A        B        C        D        E       F      G
               +--------+--------+--------+--------+--------+-----+--------+
         Total |  14790 |  14444 |    346 |   3666 |   5516 |  16 |  924.4 |
       Dungeon |  10554 |  10333 |    221 |   2192 |   4501 |  11 |  959.5 |
        Temple |     33 |     33 |      0 |      0 |      0 |   1 |   33.0 |
          Lair |   3800 |   3675 |    125 |   1323 |    965 |   3 | 1266.7 |
         Sewer |    401 |    401 |      0 |    150 |     49 |   1 |  401.0 |
               +--------+--------+--------+--------+--------+-----+--------+

Top non-repeatable levels by time:
  Lair:1: 2845 daAuts
     D:9: 1304 daAuts
     D:3: 1300 daAuts
     D:8: 1109 daAuts
     D:5: 1107 daAuts
    D:10: 1068 daAuts
     D:4: 959 daAuts
     D:1: 850 daAuts
     D:7: 839 daAuts
    D:11: 808 daAuts
  Lair:2: 734 daAuts
     D:6: 710 daAuts
     D:2: 495 daAuts
   Sewer: 401 daAuts
  Lair:3: 220 daAuts
